 Dungeon Crawl Stone Soup version 0.26-b1-32-g5d43845318 (webtiles) character file.

Game seed: 16591473904762023851

9942 mopl the Slicer (level 11, -5/84 HPs)
             Began as a Green Draconian Brigand on Jan 11, 2021.
             Was a High Priest of Hepliaklqana.
             Slain by a sixfirhy (9 damage)
             ... summoned by an orc high priest
             ... on level 2 of the Orcish Mines.
             The game lasted 00:22:22 (11289 turns).

mopl the Slicer (Green Draconian Brigand)          Turns: 11289, Time: 00:22:23

Health: -5/84      AC:  9    Str: 13    XL:     11   Next: 29%
Magic:  0/16       EV: 14    Int: 12    God:    Hepliaklqana [*****.]
Gold:   1124       SH:  5    Dex: 16    Spells: 10/10 levels left

rFire    + . .     SeeInvis .   b - +2 falchion (drain)
rCold    + . .     Faith    .   C - +0 buckler
rNeg     . . .     Spirit   +   (armour unavailable)
rPois    +         Reflect  .   (helmet restricted)
rElec    .         Harm     .   r - +0 cloak
rCorr    .         Rampage  .   i - +0 pair of gloves
Will     .....                  (no boots)
Stlth    ++++......             j - amulet of guardian spirit
HPRegen  0.24/turn              B - ring of protection from fire
MPRegen  0.15/turn              R - ring of protection from cold

@: no status effects
A: breathe noxious fumes, unfitting armour, reduced essence, poison resistance,
cold-blooded, AC +7
a: Breathe Noxious Fumes, Renounce Religion, Recall Ancestor, Ancestor Identity,
Transference, Idealise


You were on level 2 of the Orcish Mines.
You worshipped Hepliaklqana.
Hepliaklqana was extremely pleased with you.
You visited 2 branches of the dungeon, and saw 12 of its levels.

You collected 1124 gold pieces.

Inventory:

Hand Weapons
 a - a +2 dagger
 b - a +2 falchion of draining (weapon)
 d - a +1 scythe of flaming
 v - a +0 dagger of freezing
 E - the cursed +0 spear "Cimuocepn" {freeze, Str+2, unknown}
   (You found it on level 5 of the Dungeon)

   It has been specially enchanted to freeze those struck by it, causing extra
   injury to most foes and up to half again as much damage against particularly
   susceptible opponents.
   It can also slow down cold-blooded creatures.
   It affects your strength (+2).
   It has a curse placed upon it.
 K - a +0 vorpal scimitar
 T - a +0 short sword of venom
Missiles
 c - 23 poisoned darts
 q - 19 boomerangs
 t - 2 curare-tipped darts
 u - 3 throwing nets
 w - 3 silver boomerangs
 A - 2 javelins
 N - 6 atropa-tipped darts
Armour
 i - a +0 pair of gloves (worn)
 r - a +0 cloak (worn)
 C - a +0 buckler (worn)
Jewellery
 j - an amulet of guardian spirit (around neck)
 B - a ring of protection from fire (left hand)
 R - a ring of protection from cold (right hand)
Wands
 J - a wand of flame (24)
 M - a wand of paralysis (9)
 O - a wand of polymorph (9)
 Q - a wand of random effects (23) (quivered)
 S - a wand of enslavement (8)
Scrolls
 k - 2 scrolls of amnesia {unknown}
 o - 9 scrolls of teleportation
 p - 5 scrolls of enchant weapon {unknown}
 x - 6 scrolls of remove curse
 y - a scroll of blinking {unknown}
 F - 3 scrolls of magic mapping {unknown}
 G - 5 scrolls of fog {unknown}
 H - 4 scrolls of holy word {unknown}
 I - 3 scrolls of enchant armour {unknown}
 P - a scroll of immolation {unknown}
Potions
 e - 2 potions of invisibility
 f - a potion of flight
 g - 3 potions of haste
 h - 3 potions of might
 l - a potion of magic
 m - a potion of lignification {!q}
 n - a potion of attraction
 s - a potion of resistance
 z - a potion of cancellation
 D - a potion of curing
 L - a potion of mutation {!q}


   Skills:
 + Level 8.2 Fighting
 * Level 10.4 Short Blades
 + Level 4.4 Throwing
 + Level 4.0 Dodging
 + Level 8.2 Stealth
 + Level 4.1 Shields
 - Level 0.6 Unarmed Combat
 + Level 7.5 Invocations


You had 10 spell levels left.
You didn't know any spells.
Your spell library was empty.

Dungeon Overview and Level Annotations

Branches:
Dungeon (10/15)            Temple (0/1) D:4            Lair (0/6) D:9
    Orc (2/2) D:9             Elf (0/3) Orc:2

Altars:
Cheibriados
Dithmenos
Elyvilon
Hepliaklqana
Kikubaaqudgha
Makhleb
Nemelex Xobeh
Okawaru
Sif Muna
Trog
Vehumet
Wu Jian
Xom
Yredelemnul
Beogh

Shops:
D:6 [

Annotations:
D:9 fly


Innate Abilities, Weirdness & Mutations

You can breathe blasts of noxious fumes.
Your lurid green scales are hard. (AC +7)
You cannot fit into any form of body armour.
Your system is resistant to poisons. (rPois)
You are cold-blooded and may be slowed by cold attacks.
Your life essence is reduced to manifest your ancestor. (-10% HP)


Message History

The sixfirhy closely misses you.
Something hits Quintus.
You block the sixfirhy's attack. x2; The sixfirhy completely misses you.
You riposte.
You miss the sixfirhy.
Quintus hits the orc with a +0 dagger of draining.
Something barely misses Quintus.
The orc high priest mumbles some strange prayers to Beogh.
The sixfirhy hits you! The sixfirhy shocks you! The sixfirhy hits you.
The sixfirhy shocks you!
The sixfirhy hits you but does no damage.
The sixfirhy hits you! The sixfirhy shocks you!
The orc high priest calls upon Beogh to heal something.
The sixfirhy closely misses you. The sixfirhy hits you!
The sixfirhy shocks you! The sixfirhy hits you.
* * * LOW HITPOINT WARNING * * *
The sixfirhy shocks you!
* * * LOW HITPOINT WARNING * * *
The sixfirhy hits you!
* * * LOW HITPOINT WARNING * * *
The sixfirhy shocks you!
You die...

#..#.......### #......##.##
#.......#..## ##..#......######
##......#)).## ##....#.##.###.#.#
##....###)).###....##.###.#.....
#...####)).)##..#.....#........
##.##...)....)....)...#.......#
####.....#.##.......##........
#......#.)................#
##.._......@))..............
#.........3................#
##..........).....#.#.......
#.................##.......
###.....#..........#........
###...........................
###......4....#.................
##.........#.....................
#.)..##..o#......................


You could see an orange demon (summoned) and a sixfirhy (summoned).

Vanquished Creatures
  Snorg (D:10)
  An orc knight (Orc:1)
  Pikel (D:5)
  An orc sorcerer (Orc:2)
  Joseph (D:9)
  Sigmund (D:3)
  A wyvern (D:8)
  3 yaks (D:7)
  Menkaure (D:6)
  A warg (Orc:1)
  A black bear (D:7)
  5 orc warriors
  2 ice beasts
  A phantom (D:6)
  3 sky beasts
  3 centaurs
  2 big kobolds
  A bullfrog (D:8)
  A scorpion (D:5)
  5 wights
  A crimson imp (D:9)
  A bullfrog zombie (D:6)
  12 orc priests
  A hound (D:9)
  3 bullfrog skeletons
  2 jellies
  6 orc wizards
  Crazy Yiuf (D:3)
  3 iguanas
  4 worker ants
  A worker ant zombie (D:10)
  6 adders
  13 gnolls
  A shadow imp (D:7)
  2 ufetubi
  2 oozes (D:3)
  An adder skeleton (D:9)
  4 worms
  3 dart slugs
  12 leopard geckos
  40 orcs
  3 ball pythons
  4 bats
  7 giant cockroaches
  7 goblins
  13 hobgoblins
  7 jackals
  7 quokkas
  3 frilled lizards
  42 kobolds
  4 rats
252 creatures vanquished.

Vanquished Creatures (collateral kills)
  2 two-headed ogres
  A centaur skeleton (D:10)
  7 orc warriors
  An ice beast (D:5)
  3 ogres
  2 centaurs
  A gnoll sergeant (D:6)
  3 wights
  A howler monkey (D:4)
  A hound (D:5)
  3 orc priests
  Terence (D:2)
  8 orc wizards
  3 worker ants
  5 gnolls
  2 adders
  A shadow imp (D:10)
  A white imp (D:5)
  An ufetubus (D:5)
  2 worms
  A dart slug (D:2)
  15 orcs
  2 gnoll zombies (D:6)
  2 hobgoblins (D:3)
  3 jackals
  7 kobolds (D:3)
  A bat (D:3)
  A frilled lizard (D:3)
81 creatures vanquished.

Vanquished Creatures (others)
  2 hexers
  5 ancestors
7 creatures vanquished.

Grand Total: 340 creatures vanquished

Notes
Turn   | Place    | Note
-------+----------+-------------------------------------------
     0 | D:1      | mopl the Draconian Brigand began the quest for the Orb.
     0 | D:1      | Reached XP level 1. HP: 17/17 MP: 1/1
   395 | D:1      | Reached XP level 2. HP: 25/25 MP: 2/2
   815 | D:1      | Reached XP level 3. HP: 30/30 MP: 3/3
   996 | D:2      | Found a hazy altar of Hepliaklqana.
  1036 | D:2      | Reached skill level 3 in Short Blades
  1066 | D:2      | Became a worshipper of Hepliaklqana the Forgotten
  1212 | D:2      | Noticed Terence
  1236 | D:1      | Reached skill level 4 in Stealth
  1383 | D:2      | Killed Terence
  1384 | D:2      | Reached skill level 3 in Fighting
  1384 | D:2      | Reached XP level 4. HP: 15/34 MP: 4/4
  1665 | D:2      | Reached skill level 1 in Invocations
  1679 | D:3      | Noticed a sky beast
  1859 | D:3      | Found an iron altar of Okawaru.
  1968 | D:2      | Killed a sky beast
  1969 | D:2      | Reached skill level 4 in Short Blades
  1969 | D:2      | Reached XP level 5. HP: 25/40 MP: 4/6
  2222 | D:3      | Noticed Sigmund
  2270 | D:3      | Killed Sigmund
  2271 | D:3      | Reached skill level 2 in Invocations
  2271 | D:3      | Reached XP level 6. HP: 36/46 MP: 7/7
  2323 | D:3      | Reached skill level 4 in Fighting
  2328 | D:3      | Reached skill level 5 in Short Blades
  2548 | D:3      | Your scales start taking on a lurid green colour.
  2548 | D:3      | Reached XP level 7. HP: 40/53 MP: 9/9
  2548 | D:3      | Gained mutation: Your system is resistant to poisons.
                  | (rPois) [Green Draconian growth]
  2737 | D:3      | Reached skill level 3 in Invocations
  2738 | D:3      | Reached * piety under Hepliaklqana
  2756 | D:3      | Found a runed translucent door.
  2757 | D:3      | Noticed Crazy Yiuf
  2838 | D:3      | Killed Crazy Yiuf
  2839 | D:3      | Reached skill level 5 in Stealth
  3400 | D:4      | Found a staircase to the Ecumenical Temple.
  3470 | D:4      | Found a shadowy altar of Dithmenos.
  3588 | D:4      | Found a white marble altar of Elyvilon.
  3904 | D:4      | Found an ornate altar of the Wu Jian Council.
  3973 | D:4      | Reached skill level 6 in Short Blades
  4092 | D:5      | Entered Level 5 of the Dungeon
  4141 | D:5      | Reached skill level 5 in Fighting
  4192 | D:5      | Reached XP level 8. HP: 60/61 MP: 10/10
  4310 | D:5      | Reached skill level 4 in Invocations
  4328 | D:5      | Reached ** piety under Hepliaklqana
  4333 | D:5      | Remembered your ancestor Quintus as a hexer
  4338 | D:5      | Got an ivory spear
  4636 | D:5      | Reached skill level 7 in Short Blades
  4776 | D:5      | Reached skill level 6 in Stealth
  5203 | D:6      | Reached skill level 5 in Invocations
  5210 | D:6      | Reached skill level 6 in Fighting
  5556 | D:6      | Noticed Pikel
  5569 | D:5      | Killed Pikel
  5570 | D:5      | Reached skill level 8 in Short Blades
  5570 | D:5      | Reached XP level 9. HP: 49/69 MP: 11/13
  5715 | D:6      | Found Tulyfe's Armour Emporium.
  5910 | D:6      | Reached *** piety under Hepliaklqana
  6002 | D:6      | Found a basalt altar of Yredelemnul.
  6087 | D:6      | Noticed Menkaure
  6097 | D:6      | Killed Menkaure
  6427 | D:7      | Reached skill level 1 in Dodging
  6494 | D:7      | Reached skill level 2 in Throwing
  6587 | D:7      | Found a snail-covered altar of Cheibriados.
  6606 | D:7      | Found an ancient bone altar of Kikubaaqudgha.
  6731 | D:8      | Reached skill level 7 in Stealth
  6731 | D:8      | Reached skill level 1 in Shields
  6760 | D:8      | Noticed a two-headed ogre
  6778 | D:8      | Reached skill level 6 in Invocations
  7013 | D:7      | HP: 3/70 [yak (7)]
  7036 | D:7      | Reached skill level 7 in Fighting
  7050 | D:7      | Reached skill level 9 in Short Blades
  7050 | D:7      | Reached skill level 2 in Dodging
  7386 | D:8      | Killed a two-headed ogre
  7387 | D:8      | Reached skill level 2 in Shields
  7387 | D:8      | Reached XP level 10. HP: 77/77 MP: 14/14
  7527 | D:8      | Found a shimmering altar of Xom.
  7553 | D:8      | Reached **** piety under Hepliaklqana
  7789 | D:8      | Reached skill level 3 in Throwing
  8089 | D:9      | Noticed Joseph
  8110 | D:9      | Killed Joseph
  8297 | D:9      | Found a staircase to the Lair.
  8360 | D:9      | Found a staircase to the Orcish Mines.
  8441 | D:9      | Found a burning altar of Makhleb.
  8442 | D:9      | Found a radiant altar of Vehumet.
  8692 | D:9      | Found a sparkling altar of Nemelex Xobeh.
  8702 | D:9      | Found a bloodstained altar of Trog.
  8905 | D:9      | Found a shimmering blue altar of Sif Muna.
  9016 | D:10     | Entered Level 10 of the Dungeon
  9247 | D:10     | Reached skill level 3 in Dodging
  9278 | D:10     | Reached skill level 3 in Shields
  9384 | D:10     | Noticed a two-headed ogre
  9397 | D:10     | Killed a two-headed ogre
  9398 | D:10     | Reached skill level 7 in Invocations
  9569 | D:10     | Noticed Snorg
  9586 | D:10     | Killed Snorg
  9587 | D:10     | Reached skill level 10 in Short Blades
  9587 | D:10     | Reached skill level 4 in Throwing
  9671 | D:10     | Reached ***** piety under Hepliaklqana
  9881 | Orc:1    | Entered Level 1 of the Orcish Mines
 10027 | Orc:2    | Entered Level 2 of the Orcish Mines
 10038 | Orc:1    | Reached skill level 8 in Stealth
 10038 | Orc:1    | Reached XP level 11. HP: 76/84 MP: 14/16
 10237 | Orc:2    | Found a staircase to the Elven Halls.
 10265 | Orc:2    | Noticed an orc knight
 10292 | Orc:1    | Killed an orc knight
 10293 | Orc:1    | Reached skill level 8 in Fighting
 10458 | Orc:2    | Found a roughly hewn altar of Beogh.
 10560 | Orc:2    | Noticed an orc sorcerer
 10572 | Orc:2    | Killed an orc sorcerer
 10573 | Orc:2    | Reached skill level 4 in Shields
 10944 | Orc:2    | Noticed an orc high priest
 10979 | Orc:2    | Reached skill level 4 in Dodging
 11275 | Orc:2    | Noticed a sixfirhy
 11289 | Orc:2    | HP: 4/84 [sixfirhy[an orc high priest] (9)]
 11289 | Orc:2    | Slain by a sixfirhy

Illustrated notes

Levels and vault maps discovered:
D:1:      grunt_arrival_crossed_arrows, layout_loops_ring
D:2:      layout_rooms, nzn_hepliaklqana_mist_gate, minmay_heptomino_w4,
          uniq_terence
D:3:      minmay_goblin_kobold_castle, layout_basic, okawaru_ov_weapons_minmay,
          minmay_circle_x, uniq_sigmund, uniq_crazy_yiuf_cottage
D:4:      layout_cave_pools, nzn_wu_jian_contemplation, general_overflow_altar,
          elyvilon_altar_3, temple_pool_b, serial_bayou_pond_b,
          minmay_stone_trees_medium
D:5:      layout_basic
D:6:      layout_layer_cave, lemuel_zombie_altar_yredelemnul, serial_shops,
          shop, uniq_menkaure, uniq_pikel
D:7:      layout_rooms, lemuel_doored_altar, basic_altar
D:8:      layout_rooms, xom_teletrap_fun
D:9:      layout_long_grid, grunt_temple_overflow_lords_of_destruction,
          led_sif_book, amethyst_overflow_temple_binary, dpeg_oklobed_lair,
          uniq_joseph
D:10:     layout_basic, st_stairs_13, uniq_snorg
Orc:1:    layout_caves
Orc:2:    st_orc_pillars, layout_caves, mines2_david

Skill      XL: |  1  2  3  4  5  6  7  8  9 10 11 |
---------------+----------------------------------+-----
Short Blades   | 3 4 5 6 8 9 10 | 10.4
Stealth        | 4 5 6 7 8 |  8.2
Fighting       | 3 4 5 6 7 8 |  8.2
Invocations    | 1 2 3 5 6 7 |  7.5
Dodging        | 2 3 4 |  4.0
Throwing       | 2 4 |  4.4
Shields        | 2 3 4 |  4.1
Unarmed Combat | |  0.6

Action                   |  1- 3 |  4- 6 |  7- 9 | 10-12 || total
-------------------------+-------+-------+-------+-------++-------
Melee: Dagger            |   122 |    75 |       |       ||   197
       Tailslap          |     8 |    14 |    51 |    56 ||   129
       Falchion          |       |    52 |   311 |   343 ||   706
       Punch             |       |     1 |       |       ||     1
Throw: Dart              |     3 |    11 |    15 |    14 ||    43
Invok: Recall Ancestor   |       |     1 |       |     2 ||     3
       Ancestor Life: He |       |       |     1 |       ||     1
 Abil: Breathe Noxious F |       |       |    11 |    12 ||    23
Evoke: Wand              |       |       |       |     1 ||     1
  Use: Scroll            |     3 |       |     9 |     2 ||    14
       Potion            |       |       |     1 |       ||     1
 Stab: Sleeping          |    12 |     3 |    13 |    12 ||    40
       Distracted        |       |       |     3 |     4 ||     7
       Confused          |       |       |    11 |    17 ||    28
Armor: Skin              |    29 |    52 |   103 |    70 ||   254
Dodge: Dodged            |    54 |    86 |   196 |   179 ||   515
Block: Buckler           |       |       |    28 |    57 ||    85
       Rpst.: Falchion   |       |     3 |    53 |    58 ||   114
